 Dungeon Crawl Stone Soup version 0.32-a0-163-g159c032296 (webtiles) character file.

Game seed: 15968768073560342371

83 zeratav the Sneak (level 4, -7/29 HPs)
             Began as an Octopode Shapeshifter on Feb 11, 2024.
             Mangled by a gnoll
             ... wielding a +0 flail
              (11 damage)
             ... on level 2 of the Dungeon.
             The game lasted 00:01:52 (1748 turns).

zeratav the Sneak (Octopode Shapeshifter)           Turns: 1748, Time: 00:01:52

Health: -7/29      AC:  1    Str: 15    XL:     4   Next: 44%
Magic:  4/4        EV: 12    Int: 12    God:
Gold:   87         SH:  3    Dex: 11    Spells: 3/3 levels left

rFire   . .          .
                       - Unarmed
rCold   . . .        g - +0 buckler
rNeg    . . .        (helmet currently unavailable)
rPois   .            (no amulet)
rElec   .            (no ring)
rCorr   .            (no ring)
SInv    .            (no ring)
Will    .....        (no ring)
Stlth   ++++         (no ring)
HPRegen 0.24/turn    (no ring)
MPRegen 0.09/turn    (no ring)
                     (no ring)

%: no passive effects
@: beast-form
A: beast (slay +1), almost no armour, amphibious, 8 rings, camouflage 1,
gelatinous body 1, (nimble swimmer 1), tentacles
a: Begin Untransformation


You were on level 2 of the Dungeon.
You were a hulking beast.
You visited 1 branch of the dungeon, and saw 3 of its levels.

You collected 87 gold pieces.


Innate Abilities, Weirdness & Mutations

You are a hulking beast.
Your limbs bulge with bestial killing power. (Slay +1)
You cannot wear most types of armour.
You are amphibious.
You can wear up to eight rings at the same time.
Your skin changes colour to match your surroundings (Stealth+).
Your rubbery body absorbs attacks. (AC +1, EV +1)
((You are camouflaged when in or above water. (Stealth+)))
You have tentacles for arms and can constrict up to eight enemies at once.


   Skills:
 + Level 2.1 Fighting
 - Level 2.0 Dodging
 - Level 5.0 Stealth
 - Level 3.0 Unarmed Combat
 - Level 3.0 Shapeshifting


You had 3 spell levels left.
You didn't know any spells.
Your spell library was empty.

Inventory:

Armour
 g - a +0 buckler (worn)
   (You found it on level 1 of the Dungeon)
Talismans
 b - a beast talisman
 c - a flux talisman
Scrolls
 e - a scroll of revelation {unknown}
 f - a scroll of immolation {unknown}
 j - a scroll of fog {unknown}
 l - a scroll of poison {unknown}
 m - a scroll of acquirement {unknown}
 n - a scroll of identify {unknown}
Potions
 a - 4 potions of lignification {!q}
 d - a potion of attraction {unknown}
 h - 2 potions of cancellation {unknown}
 i - a potion of might {unknown}
 k - a potion of curing {unknown}

Dungeon Overview and Level Annotations

Branches:
Dungeon (3/15) Zot: 16253

Altars:
Yredelemnul

Annotations:
D:2 1 runed translucent door, Crazy Yiuf

..##..#.#######.##..# #.#
....................# ### #.#
..##.##.#######.#...####.## #.#
.###....# #......##.#.### #.# ##
###### ###...........# #.#
##..#..#####.###.#
#...#.###........#
#g#.......##.#####
#hg.#.#.###..# ###.#........#
#.#####.#### #)# ### ##.######
######### ######.......#
#.......# #............#
#.#####.###.........##.########
##.##.................>........#


You could see 2 gnolls.


Message History

No target in view!
No target in view!
No target in view!
No target in view!
No target in view!
You open the door.
A dart slug comes into view.
A dart slug is nearby!
There is an open door here.
The helpless dart slug fails to defend itself.
You tentacle-slap the dart slug but do no damage.
You grab the dart slug. You squeeze the dart slug! You constrict the dart slug.
You kill the dart slug!
No target in view!
No target in view!
No target in view!
No target in view!
No target in view!
No target in view!
No target in view!
No target in view!
No target in view!
No target in view!
No target in view!
No target in view!
Found a runed translucent door.
A goblin comes into view. It is wielding a +0 dagger.
A goblin is nearby!
A goblin is nearby!
A goblin is nearby!
The goblin barely misses you.
You barely miss the goblin. Your grab misses the goblin. The goblin misses you.
You closely miss the goblin. You grab the goblin. You constrict the goblin.
The goblin hits you with a +0 dagger.
HP[-1]
You take 1 damage, and now have 28/29 hp.
You tentacle-slap the goblin. You constrict the goblin.
You kill the goblin!
No target in view!
No target in view!
No target in view!
No target in view!
No target in view!
No target in view!
No target in view!
No target in view!
No target in view!
No target in view!
No target in view!
You now have 87 gold pieces (gained 2).
You open the door.
There is an open door here.
You open the door.
There is an open door here.
You open the door.
There is an open door here.
There is an open door here.
Items here: ))) รท.
Things that are here:
a +0 club {mace}; 4 stones {throwing} HP[+1]
Your hp is fully restored (29).
Could not explore, unopened runed door.
Could not explore, unopened runed door.
Crazy Yiuf shouts!
There is a stone staircase leading down here.
You climb downwards.
There is a stone staircase leading up here.
There are monsters nearby!
The helpless gnoll fails to defend itself.
You bludgeon the gnoll! Your grab misses the gnoll. The gnoll misses you.
The gnoll shouts!
The gnoll hits you with a +0 flail. The gnoll barely misses you.
The gnoll hits you with a +0 whip!
You climb upwards.
Level annotation: 1 runed translucent door, Crazy Yiuf
There is a stone staircase leading down here.
HP[-14]
You take 14 damage, and now have 15/29 hp.
MASSIVE DAMAGE!! (PAUSE)
You tentacle-slap the gnoll but do no damage.
Your grab misses the gnoll. Your squeeze misses the gnoll.
The gnoll barely misses you. The gnoll closely misses you.
HP[+1]
You tentacle-slap the gnoll. You grab the gnoll. You constrict the gnoll.
The gnoll hits you with a +0 spear.
* * * LOW HITPOINT WARNING * * *
The gnoll hits you with a +0 whip!
* * * LOW HITPOINT WARNING * * *
HP[-12]
You take 12 damage, and now have 4/29 hp.
MASSIVE DAMAGE!! (PAUSE)
You tentacle-slap the gnoll. You constrict the gnoll.
You kill the gnoll!
You block the gnoll's attack.
Your Fighting skill increases to level 2!
You tentacle-slap the gnoll. You grab the gnoll.
You constrict the gnoll, but do no damage.
The gnoll closely misses you. The gnoll hits you with a +0 flail!
You die...

Skill      XL: |  1  2  3  4 |
---------------+-------------+-----
Stealth        | 2 3 5 |  5.0
Fighting       | 2 |  2.1
Dodging        | |  2.0
Unarmed Combat | |  3.0
Shapeshifting  | |  3.0

Action                     |  1- 3 |  4- 6 || total
---------------------------+-------+-------++-------
  Melee: Unarmed           |    58 |    15 ||    73
         Constrict         |    12 |     6 ||    18
         Tentacles         |     7 |     1 ||     8
   Stab: Sleeping          |    17 |     2 ||    19
 Armour: Skin              |    19 |     7 ||    26
  Dodge: Dodged            |    16 |    11 ||    27
  Block: Buckler           |     3 |     1 ||     4

Levels and vault maps discovered:
D:1:      tarquinn_simple_flora_water_c, layout_loops_cross
D:2:      layout_loops_corners, basic_ecumenical_altar, basic_altar,
          uniq_crazy_yiuf_cottage
D:3:      kennysheep_the_goblin_king, layout_loops_corners, lemuel_tele_altar,
          hellmonk_ghost_happy_afterlife, nicolae_titane

Notes
Turn   | Place    | Note
-------+----------+-------------------------------------------
     0 | D:1      | zeratav the Octopode Shapeshifter began the quest for the
                  | Orb.
     0 | D:1      | Reached XP level 1. HP: 13/13 MP: 1/1
     0 | D:1      | magus.rc [v1.9.6]
    11 | D:1      | Reached skill level 1 in Stealth
   114 | D:1      | Reached skill level 2 in Stealth
   117 | D:1      | Reached XP level 2. HP: 18/18 MP: 2/2
   224 | D:1      | Reached skill level 3 in Stealth
   616 | D:1      | Reached XP level 3. HP: 23/23 MP: 3/3
   734 | D:1      | Reached skill level 4 in Stealth
  1024 | D:2      | Found a faded altar of an unknown god.
  1094 | D:2      | Reached skill level 5 in Stealth
  1098 | D:2      | Reached XP level 4. HP: 13/28 MP: 4/4
  1223 | D:2      | Found a basalt altar of Yredelemnul.
  1463 | D:2      | Found a runed translucent door.
  1464 | D:2      | Noticed Crazy Yiuf
  1746 | D:2      | HP: 4/29 [gnoll/+0 whip (8)]
  1748 | D:2      | Reached skill level 2 in Fighting
  1748 | D:2      | Mangled by a gnoll

Vanquished Creatures
  4 gnolls (D:2)
  A ribbon worm (D:2)
  2 dart slugs
  2 ball pythons (D:1)
  A bat (D:1)
  4 endoplasms
  A giant cockroach (D:1)
  3 goblins
  3 hobgoblins
  4 quokkas (D:1)
  3 frilled lizards
  4 kobolds
  3 rats
35 creatures vanquished.

Table legend:
 A = Non-vault XP
 B = Vault XP
 C = Vault XP percentage of total XP
 D = Non-vault monster count
 E = Vault monster count
 F = Vault count percentage of total count
                 A         B        C        D         E       F
            +---------+---------+-------+---------+---------+-------
      Total |     119 |       0 |   0.0 |      35 |       0 |   0.0
            +---------+---------+-------+---------+---------+-------
        D:1 |      42 |       0 |   0.0 |      22 |       0 |   0.0
        D:2 |      77 |       0 |   0.0 |      13 |       0 |   0.0
            +---------+---------+-------+---------+---------+-------

Skill      XL: |  1  2  3  4 |
---------------+-------------+-----
Stealth        | 2 3 5 |  5.0
Fighting       | 2 |  2.1
Dodging        | |  2.0
Unarmed Combat | |  3.0
Shapeshifting  | |  3.0

Action                     |  1- 3 |  4- 6 || total
---------------------------+-------+-------++-------
  Melee: Unarmed           |    58 |    15 ||    73
         Constrict         |    12 |     6 ||    18
         Tentacles         |     7 |     1 ||     8
   Stab: Sleeping          |    17 |     2 ||    19
 Armour: Skin              |    19 |     7 ||    26
  Dodge: Dodged            |    16 |    11 ||    27
  Block: Buckler           |     3 |     1 ||     4

Illustrated notes

Table legend:
 A = Kills in this place as a percentage of kills in the entire game.
 B = Kills by you in this place as a percentage of kills by you in the entire game.
 C = Kills by friends in this place as a percentage of kills by friends in the entire game.
 D = Other kills in this place as a percentage of other kills in the entire game.
 E = Experience gained in this place as a percentage of experience gained in the entire game.
 F = Experience gained in this place divided by the number of levels of this place that you have seen.
                   A       B       C       D       E      F
               +-------+-------+-------+-------+-------+----------------------
         Total | 100.0 | 100.0 |   N/A |   N/A | 100.0 |  39.7
       Dungeon | 100.0 | 100.0 |   N/A |   N/A | 100.0 |  39.7
               +-------+-------+-------+-------+-------+----------------------

Table legend: (Time is in decaauts)
 A = Elapsed time spent in this place.
 B = Non-inter-level travel time spent in this place.
 C = Inter-level travel time spent in this place.
 D = Time resting spent in this place.
 E = Time spent auto-exploring this place.
 F = Levels seen in this place.
 G = Mean time per level.
                   A        B        C        D        E       F      G
               +--------+--------+--------+--------+--------+-----+--------+
         Total |   1745 |   1674 |     71 |    107 |   1320 |   3 |  581.7 |
       Dungeon |   1745 |   1674 |     71 |    107 |   1320 |   3 |  581.7 |
               +--------+--------+--------+--------+--------+-----+--------+

Top non-repeatable levels by time:
     D:2: 963 daAuts
     D:1: 779 daAuts
     D:3: 2 daAuts
